Map: Terrasses de Prion

Players

Tricktickler - Winner!

  • Race: Protoss Protoss
  • League: Gold
  • Spawn Location: 11:00

zidar

  • Race: Zerg Zerg
  • League: Silver
  • Spawn Location: 5:00

VOD

Have the link to the VOD?

Description

Time

  • Played on: Jan. 10, 2016, 10:41 a.m.
  • Length: 19:59
Show
View Real Time Build Order
Export as new Build Order

Tricktickler Protoss - Winner!

Build Orders: 1 Gate Expand, Chargelot Immortal 

Get SALT Encoding   

  12  0:01  Probe (Chrono Boost)  
  13  0:11  Probe (Chrono Boost)  
  14  0:17  Pylon  
  14  0:23  Probe (Chrono Boost)  
  15  0:35  Probe (Chrono Boost)  
  16  0:40  Gateway  
  16  0:46  Probe (Chrono Boost)  
  17  0:50  Assimilator  
  17  0:58  Probe (Chrono Boost)  
  18  1:08  Probe (Chrono Boost)  
  19  1:19  Probe (Chrono Boost)  
  20  1:32  Cybernetics Core  
  20  1:36  Probe (Chrono Boost)  
  21  1:44  Nexus  
  21  1:48  Zealot (Chrono Boost)  
  23  2:07  Pylon  
  23  2:09  Warp Gate (Chrono Boost)  
  23  2:15  Assimilator  
  23  2:24  Pylon  
  23  2:25  Probe  
  23  2:26  Sentry (Chrono Boost)  
  26  2:37  Probe  
  27  2:49  Probe  
  28  2:54  Gateway  
  28  2:55  Gateway, Probe  
  29  3:02  Probe  
  30  3:06  Probe  
  30  3:09  Robotics Facility  
  31  3:14  Probe  
  31  3:16  Sentry (Chrono Boost)  
  31  3:19  Probe  
  34  3:26  Mothership Core  
  37  3:29  Probe  
  37  3:32  Pylon  
  38  3:38  Assimilator  
  38  3:47  Probe  
  38  3:48  Probe  
  39  3:56  Immortal (Chrono Boost)  
  39  4:01  Probe  
  43  4:03  Probe  
  43  4:08  Pylon  
  45  4:12  Probe, Forge  
  45  4:14  Assimilator  
  46  4:20  Pylon  
  46  4:21  Probe  
  47  4:39  Probe  
  47  4:40  Probe  
  47  4:43  Immortal (Chrono Boost)  
  53  4:46  Stalker  
  53  4:47  Stalker  
  57  4:54  Probe  
  57  4:56  Probe  
  59  5:00  Pylon  
  59  5:06  Probe  
  60  5:07  Protoss Ground Weapons Level 1 (Chrono Boost)  
  60  5:08  Probe  
  61  5:18  Probe  
  61  5:20  Probe  
  63  5:23  Immortal  
  63  5:25  Sentry  
  63  5:26  Stalker  
  71  5:32  Zealot  
  73  5:39  Twilight Council  
  73  5:40  Probe x2  
  75  5:56  Stalker  
  75  5:57  Zealot x2  
  79  5:58  Warp Prism  
  83  6:04  Probe x2  
  85  6:14  Pylon  
  85  6:15  Charge (Chrono Boost)  
  85  6:26  Gateway  
  85  6:28  Gateway  
  85  6:29  Probe  
  85  6:32  Probe  
  87  6:35  Pylon  
  87  6:42  Stalker x2  
  87  6:43  Stalker  
  93  7:04  Probe x2  
  95  7:23  Pylon  
  95  7:25  Nexus, Zealot x2  
  95  7:26  Zealot  
  101  7:32  Protoss Ground Weapons Level 2 (Chrono Boost), Pylon  
  101  7:43  Pylon  
  101  7:56  Gateway  
  101  7:58  Gateway  
  101  8:00  Zealot x4, Pylon  
  101  8:01  Zealot  
  101  8:03  Photon Cannon  
  105  8:29  Immortal  
  105  8:31  Stalker  
  105  8:32  Stalker x4  
  113  8:45  Robotics Bay  
  113  8:52  Probe  
  113  8:54  Probe x2  
  116  9:06  Probe, Stalker x2  
  116  9:07  Stalker x2  
  116  9:09  Zealot x3  
  131  9:11  Probe  
  131  9:13  Probe  
  133  9:18  Probe  
  133  9:19  Forge  
  134  9:26  Templar Archives  
  134  9:33  Protoss Ground Armor Level 1 (Chrono Boost)  
  134  9:34  Probe, Immortal  
  134  9:35  Probe x2  
  141  9:46  Pylon  
  141  9:49  Assimilator  
  141  9:53  Probe x2, Pylon x2  
  141  9:59  Assimilator  
  143  10:06  Robotics Facility  
  143  10:10  Probe x2  
  145  10:15  Sentry  
  145  10:16  Sentry  
  145  10:17  Zealot, Stalker  
  145  10:18  Zealot x3  
  145  10:20  Probe  
  159  10:22  Probe  
  161  10:30  Probe  
  161  10:31  Probe  
  163  10:36  Nexus, Immortal  
  163  10:39  Pylon  
  163  10:40  Pylon  
  167  10:45  Protoss Ground Weapons Level 3 (Chrono Boost)  
  167  10:52  Zealot x2  
  167  10:54  High Templar  
  173  10:57  High Templar  
  173  10:59  High Templar  
  173  11:01  High Templar  
  173  11:04  Pylon  
  179  11:07  Pylon  
  179  11:09  Pylon  
  179  11:10  Pylon  
  179  11:21  Zealot x3  
  185  11:30  Probe x3  
  185  11:31  Immortal  
  188  11:36  Immortal  
  188  11:39  Stalker x2  
  200  11:51  Gateway  
  200  11:53  Gateway  
  200  11:56  Gateway  
  200  11:57  Photon Cannon  
  200  12:00  Photon Cannon  
  200  12:01  Archon x2, Assimilator  
  194  12:29  Gateway  
  194  12:30  Gateway  
  146  12:56  Zealot x4  
  146  12:57  Immortal, Zealot x3  
  126  13:02  Immortal  
  104  13:13  Sentry x2  
  104  13:14  Sentry  
  104  13:16  Probe  
  104  13:17  Probe x3  
  114  13:41  High Templar x3  
  116  13:42  High Templar x5  
  116  13:43  Immortal, High Templar x4, Protoss Ground Armor Level 2 (Chrono Boost)  
  116  13:44  Nexus  
  116  13:45  Pylon  
  138  13:48  Immortal, Pylon  
  138  13:51  Archon  
  138  13:52  Archon x4, Assimilator  
  138  13:53  Archon  
  138  13:54  Assimilator  
  146  13:57  Probe x3  
  149  14:07  Assimilator  
  149  14:17  Stalker  
  149  14:18  High Templar x3  
  149  14:19  High Templar  
  149  14:22  Archon x2  
  159  14:26  Zealot x4  
  159  14:27  Zealot x2  
  171  14:33  Probe x3  
  174  14:39  Gateway  
  174  14:40  Probe, Gateway  
  174  14:43  Gateway  
  174  14:45  Probe x2  
  177  14:53  High Templar x2  
  177  14:54  Psionic Storm  
  177  14:55  Zealot x2  
  177  14:56  Zealot x2  
  177  14:57  Zealot x3  
  183  15:01  Archon  
  183  15:26  Zealot x4  
  183  15:27  Zealot x4  
  169  16:21  Zealot x3  
  169  16:22  Zealot x3  
  169  16:23  Zealot x3  
  169  16:24  Zealot x3  
  159  16:34  Probe  
  159  16:36  Probe x2  
  146  16:48  Pylon  
  132  17:07  Pylon  
  126  17:13  Zealot x5  
  126  17:14  Zealot x6  
  126  17:15  Zealot x4  
  148  17:18  Observer x2  
  148  17:19  Probe  
  148  17:21  Probe  
  126  17:30  Probe x2  
  126  17:37  Photon Cannon  
  126  17:39  Photon Cannon  
  126  17:49  High Templar x2  
  126  17:50  Nexus, High Templar x5  
  126  17:51  High Templar x5  
  142  17:52  High Templar x3, Pylon  
  142  17:55  Pylon  
  142  17:57  Assimilator  
  142  17:58  Archon x4  
  156  17:59  Archon x3  
  156  18:02  Assimilator  
  156  18:13  Photon Cannon  
  156  18:16  Photon Cannon  
  156  18:18  Gateway  
  156  18:19  Gateway  
  156  18:22  Gateway  
  156  18:28  Stalker  
  156  18:29  Stalker x5  
  168  18:44  Immortal (Chrono Boost)  
  176  18:48  Immortal (Chrono Boost)  
  176  18:55  Zealot x5  
  182  18:56  Zealot x3  
  182  18:57  Zealot x4  
Show
View Real Time Build Order
Export as new Build Order

zidar Zerg 

Build Orders: Pool First 

Get SALT Encoding   

  12  0:02  Drone  
  13  0:12  Overlord  
  13  0:19  Drone  
  14  0:30  Drone x2  
  16  0:42  Spawning Pool  
  15  0:45  Drone  
  16  0:50  Drone  
  17  1:14  Hatchery  
  17  1:16  Drone  
  17  1:29  Queen  
  19  1:45  Extractor  
  18  1:53  Hatchery  
  17  1:55  Drone  
  18  2:14  Queen  
  19  2:37  Drone  
  19  2:38  Drone x3  
  19  2:40  Queen  
  25  2:48  Overlord  
  25  3:25  Metabolic Boost  
  25  3:32  Roach Warren  
  24  3:37  Drone x3  
  24  3:38  Extractor, Drone x3  
  29  4:02  Drone x10  
  39  4:52  Roach  
  41  4:55  Overlord  
  41  4:56  Overlord x3  
  41  4:57  Overlord  
  41  5:07  Extractor  
  40  5:09  Extractor  
  39  5:45  Drone x4  
  39  5:46  Drone x2  
  45  5:50  Roach  
  45  5:51  Roach x13  
  73  5:58  Overlord x2  
  73  5:59  Overlord  
  73  6:19  Ravager  
  73  6:20  Ravager x2  
  73  6:21  Ravager  
  73  6:22  Ravager  
  78  6:30  Zergling x4  
  81  6:32  Zergling x2  
  81  6:33  Zergling x14  
  88  6:45  Lair  
  88  7:08  Evolution Chamber  
  87  7:13  Evolution Chamber  
  86  7:22  Roach  
  88  7:23  Roach  
  88  7:26  Overlord x3  
  88  7:27  Overlord  
  89  7:46  Roach x10  
  89  7:48  Zergling x4  
  89  7:49  Zergling x2  
  112  7:55  Hydralisk Den  
  112  7:56  Zerg Ground Armor Level 1  
  111  8:01  Ravager  
  111  8:02  Ravager  
  111  8:03  Ravager  
  111  8:05  Overlord x2  
  102  8:40  Zergling x2  
  102  8:41  Zergling x28  
  116  8:46  Zerg Melee Weapons Level 1  
  117  9:00  Lurker Den  
  117  9:09  Infestation Pit  
  116  9:13  Roach x9  
  116  9:14  Roach  
  136  9:30  Extractor x2  
  134  9:43  Hydralisk x2  
  138  9:47  Overlord x3, Hatchery  
  138  9:48  Overlord  
  137  9:52  Hive  
  137  9:55  Zerg Ground Armor Level 2  
  137  9:59  Drone  
  138  10:14  Hydralisk  
  138  10:15  Hydralisk x9  
  158  10:24  Queen  
  160  10:36  Hydralisk x2  
  160  10:37  Hydralisk  
  160  10:41  Lurker  
  167  10:45  Lurker x2  
  169  10:55  Zerg Melee Weapons Level 2  
  169  11:18  Overseer  
  169  11:19  Overseer  
  169  11:22  Pneumatized Carapace  
  169  11:34  Adrenal Glands  
  169  11:36  Ultralisk Cavern  
  169  11:39  Zergling x2  
  169  11:40  Zergling x14  
  162  12:40  Zergling x16  
  162  12:41  Zergling x16  
  107  13:10  Chitinous Plating  
  107  13:18  Zerg Melee Weapons Level 3  
  107  13:21  Zerg Ground Armor Level 3  
  107  13:39  Drone  
  108  13:54  Drone x3  
  108  13:55  Drone x2  
  113  13:56  Drone x3  
  116  14:07  Hydralisk x5  
  126  14:32  Extractor  
  126  14:37  Extractor  
  124  14:46  Ultralisk  
  124  14:48  Ultralisk  
  131  15:01  Queen  
  133  15:33  Ultralisk x2  
  149  15:55  Zerg Missile Weapons Level 1  
  42  16:43  Zergling x2  
  42  16:44  Zergling x36  
  42  16:45  Zergling x26  
  31  17:32  Roach  
  31  17:33  Roach x8  
  31  17:35  Queen  
  51  18:15  Hatchery  
  50  18:47  Hatchery  
Tags
 
Add a new tag
Caveats
  • Supply blocks, unpowered buildings, or Contaminate may cause inaccurate times.
  • Supply counts are checked every 10 seconds.